 Dungeon Crawl Stone Soup version 0.31-a0-986-g5e6e4ef867 (webtiles) character file.

Game seed: 321227984600713871

23851 whatisthis the Fighter (level 12, 0/112 HPs)
             Began as a Grey Draconian Shapeshifter on Nov 21, 2023.
             Was an Elder of Okawaru.
             Succumbed to a cane toad's poison
             ... on level 10 of the Dungeon.
             The game lasted 00:55:09 (12282 turns).

whatisthis the Fighter (DrSh)                      Turns: 12282, Time: 00:55:10

Health: 0/112      AC: 13    Str: 18 (20) XL:     12   Next: 75%
Magic:  11/18      EV: 14    Int:  9 (11) God:    Okawaru [****..]
Gold:   668        SH:  5    Dex: 10 (12) Spells: 11/11 levels left

rFire   . .          .
                       - Unarmed
rCold   . . .        G - melded orb {light}
rNeg    . . .        (body armour unavailable)
rPois   .            (helmet restricted)
rElec   .            (no cloak)
rCorr   +            (no gloves)
SInv    .            (no boots)
Will    .....        H - amulet of reflection
Stlth   +            i - ring of flight
HPRegen 0.38/turn    p - ring of resist corrosion
MPRegen 0.16/turn

%: reflection
@: mighty, brilliant, lethally poisoned (0 -> -19), flux-form, heroic,
finesse-ful, attractive, flying, glowing
A: glow, contaminating, AC +13, amphibious, unfitting armour, cold-blooded
a: Begin Untransformation, Renounce Religion, Heroism, Finesse


You were on level 10 of the Dungeon.
You worshipped Okawaru.
Okawaru was greatly pleased with you.
You were something dangerously unstable.
You visited 3 branches of the dungeon, and saw 12 of its levels.
You also visited: Sewer.

You collected 743 gold pieces.
You spent 75 gold pieces at shops.

Inventory:

Missiles
 f - 34 poisoned darts (quivered)
 q - 135 stones
 x - 2 curare-tipped darts
 I - a throwing net
Armour
 G - an orb of light (melded)
Jewellery
 i - a ring of flight (left hand)
 p - a ring of resist corrosion (right hand)
 H - an amulet of reflection (around neck)
Talismans
 b - a beast talisman
 c - a flux talisman (active)
Wands
 k - a wand of charming (15)
 s - a wand of flame (49)
 C - a wand of polymorph (10)
 K - a wand of roots (6)
Scrolls
 d - a scroll of immolation {unknown}
 j - a scroll of brand weapon {unknown}
 n - a scroll of fog {unknown}
 o - 3 scrolls of teleportation
 y - a scroll of amnesia {unknown}
 z - 2 scrolls of poison {unknown}
 A - 2 scrolls of enchant weapon {unknown}
 B - 2 scrolls of noise {unknown}
 D - 3 scrolls of vulnerability
 J - a scroll of blinking {unknown}
Potions
 a - a potion of lignification
 e - 3 potions of invisibility
 l - 2 potions of resistance
 m - 2 potions of berserk rage
 t - 3 potions of enlightenment
 v - 3 potions of mutation
 w - 3 potions of magic
 E - a potion of degeneration
 F - a potion of brilliance


   Skills:
 + Level 11.8(16.8) Fighting
 - Level 3.8(8.8) Dodging
 + Level 11.2(16.2) Unarmed Combat
 + Level 9.0 Invocations
 + Level 10.4 Shapeshifting


You had 11 spell levels left.
You didn't know any spells.
Your spell library contained the following spells:

 Spells                   Type           Power      Damage    Failure   Level
 Apportation              Tloc           0%         N/A       38%         1
 Necrotise                Necr           0%         1d4       38%         1
 Shock                    Conj/Air       0%         1d3       38%         1
 Sting                    Tmut/Pois      0%         1d3       38%         1
 Blink                    Tloc           0%         N/A       52%         2
 Poisonous Vapours        Pois/Air       0%         N/A       52%         2
 Mephitic Cloud           Conj/Pois/Air  0%         N/A       77%         3
 Swiftness                Air            0%         N/A       77%         3
 Airstrike                Air            0%         2d(0-16)  99%         4
 Manifold Assault         Tloc           0%         N/A       99%         4
 Olgreb's Toxic Radiance  Pois           0%         N/A       99%         4
 Passage of Golubria      Tloc           0%         N/A       99%         4
 Freezing Cloud           Conj/Ice/Air   0%         6-21      100%        5
 Silence                  Hex/Air        0%         N/A       100%        5
 Orb of Destruction       Conj           0%         9d5       100%        7
 Lehudib's Crystal Spear  Conj/Erth      0%         10d2      100%        8
 Summon Small Mammal      Summ           Unusable   N/A       N/A         1
 Summon Guardian Golem    Hex/Summ       Unusable   N/A       N/A         3
 Summon Ice Beast         Ice/Summ       Unusable   N/A       N/A         4
 Summon Mana Viper        Hex/Summ       Unusable   N/A       N/A         5
 Monstrous Menagerie      Summ           Unusable   N/A       N/A         7
 Spellforged Servitor     Conj/Summ      Unusable   N/A       N/A         7

Dungeon Overview and Level Annotations

Branches:
Dungeon (10/15)            Temple (1/1) D:7            Lair (1/5) D:10
  Sewer (visited)
    Orc: D:9-12

Altars:
Ashenzari
Cheibriados
Dithmenos
Elyvilon
Fedhas
Gozag
Hepliaklqana
Kikubaaqudgha
Makhleb
Nemelex Xobeh
Okawaru
Qazlal
Ru
Sif Muna
Trog
Uskayaw
Vehumet
Wu Jian
Xom
Yredelemnul
Zin
The Shining One

Shops:
D:10 *

Annotations:
D:3 5 exclusions
D:5 1 runed translucent door, exclusion: downstairs, Crazy Yiuf
D:8 1 exclusion
D:10 2 transporters


Innate Abilities, Weirdness & Mutations

You are something dangerously unstable.
You glow with magical radiation, making you easy to see and hit.
Foes you strike become dangerously contaminated with magical radiation.
You are incapable of wielding weapons or throwing items.
Your dull iron-grey scales are very hard. (AC +13)
You are amphibious.
You cannot fit into any form of body armour.
You are cold-blooded and may be slowed by cold attacks.


Message History

You can now deal lightning-fast blows.
You feel sick. The water moccasin bites you.
You are more poisoned.
The water moccasin poisons you! The cane toad stings you.
* * * LOW HITPOINT WARNING * * *
You completely miss the cane toad.
You feel sick.
The water moccasin bites you but does no damage.
Unknown command.
You hit the cane toad.
The cane toad begins to glow.
The cane toad is lightly wounded.
You feel sick. The cane toad stings you!
* * * LOW HITPOINT WARNING * * *
You are more poisoned.
The cane toad poisons you!
You punch the cane toad!
The cane toad glows dangerously bright.
The cane toad is heavily wounded.
* * * LOW HITPOINT WARNING * * *
You feel sick.
The water moccasin bites you but does no damage.
Okay, then.
You punch the cane toad!
The cane toad shudders as magic cascades through it!
The cane toad twists and deforms.
Your tail-slap misses the cane toad.
The cane toad is almost dead.
* * * LOW HITPOINT WARNING * * *
You feel very sick. The cane toad stings you.
* * * LOW HITPOINT WARNING * * *
You punch the cane toad!
You kill the cane toad!
Okawaru accepts your kill.
* * * LOW HITPOINT WARNING * * *
You feel sick. The water moccasin misses you.
Your Invocations skill increases to level 9!
Unknown command.
Okay, then.
Okay, then.
You punch the water moccasin!
The water moccasin begins to glow.
The water moccasin is moderately wounded.
You die...

#..# ##.........~########## #
###..# #............#.......####
#....###.....####....#..........
#.##.##...............#####.####
#####.#....#.....#.#.....# #.# #
≈§#.........##..###......###.# #
§≈####......##...###......##.####
.§####......#........#....##.....
..'.#.....)...†>pS...#....#######
..'.#.......#..)†....#...## #
.≈#.##...#.###...###.....# #
.≈#.........###.#.#......# #
≈≈#................#.....########
####.##..........................
###..^###......#.#....###########
.........#...........#...........
##....####...........############


You could see a water moccasin (contam).

Vanquished Creatures
  A two-headed ogre (D:10)
  6 elephants
  A black mamba (D:10)
  Maggie (D:10)
  A gargoyle (D:10)
  2 cane toads
  A rime drake (D:10)
  2 unseen horrors (D:10)
  A komodo dragon (Lair:1)
  A troll (D:10)
  A polar bear (D:10)
  5 wyverns
  13 yaks
  2 basilisks (D:10)
  3 steam dragons
  3 water moccasins
  2 orc warriors (D:9)
  4 ice beasts
  A sky beast (D:7)
  2 ogres
  6 wolves
  3 centaurs
  3 phantoms
  7 kobold brigands
  5 bullfrogs
  3 wights (D:8)
  8 killer bees
  2 howler monkeys (D:8)
  A hound (D:4)
  11 orc priests
  A jelly (D:5)
  2 gnoll boudas
  6 iguanas
  Ijyb (D:3)
  11 orc wizards
  11 gnolls
  14 adders
  A shadow imp (D:5)
  3 white imps
  A worm (D:4)
  2 dart slugs
  28 orcs
  8 endoplasms
  6 giant cockroaches
  9 goblins
  6 hobgoblins
  2 quokkas (D:1)
  7 ball pythons
  7 bats
  4 frilled lizards (D:1)
  2 goblin skeletons (D:3)
  2 goblin zombies (D:3)
  2 hobgoblin zombies (D:3)
  28 kobolds
  An orc skeleton (D:3)
  2 orc zombies (D:3)
  7 rats
  A spectral kobold (D:5)
277 creatures vanquished.

Vanquished Creatures (others)
  An orc (D:8)
1 creature vanquished.

Grand Total: 278 creatures vanquished

Notes
Turn   | Place    | Note
-------+----------+-------------------------------------------
     0 | D:1      | whatisthis the Draconian Shapeshifter began the quest for
                  | the Orb.
     0 | D:1      | Reached XP level 1. HP: 16/16 MP: 1/1
    94 | D:1      | Reached XP level 2. HP: 22/23 MP: 2/2
   670 | D:1      | Reached XP level 3. HP: 29/29 MP: 3/3
  1487 | D:3      | Found a glowing golden altar of the Shining One.
  1495 | D:3      | Reached XP level 4. HP: 20/36 MP: 4/4
  1617 | D:3      | Found a faded altar of an unknown god.
  1644 | D:3      | Noticed Ijyb
  1680 | D:3      | Killed Ijyb
  1814 | D:3      | Noticed a sky beast
  1909 | D:3      | Reached XP level 5. HP: 42/42 MP: 5/5
  2401 | D:4      | Found a glowing drain.
  2410 | D:4      | You are sucked into a shaft and drop 3 floors!
  2427 | D:7      | Noticed a phantom
  2451 | D:7      | Killed a phantom
  2688 | D:6      | Noticed an ogre
  2695 | D:5      | Entered Level 5 of the Dungeon
  2705 | D:5      | Noticed a yak
  2771 | Sewer    | Entered a sewer
  2871 | Sewer    | Reached XP level 6. HP: 48/51 MP: 6/6
  3113 | Sewer    | Your scales start taking on a dull iron-grey colour.
  3113 | Sewer    | Reached XP level 7. HP: 51/59 MP: 7/7
  3790 | D:4      | Reached skill level 5 in Unarmed Combat
  4120 | D:4      | Reached skill level 5 in Shapeshifting
  4249 | D:5      | Reached skill level 5 in Fighting
  4443 | D:5      | Found a hazy altar of Hepliaklqana.
  4484 | D:5      | Found a runed translucent door.
  4485 | D:5      | Noticed Crazy Yiuf
  4549 | D:5      | Noticed a yak
  4549 | D:5      | Noticed a yak
  4582 | D:4      | Killed a yak
  4583 | D:4      | Reached XP level 8. HP: 31/69 MP: 8/8
  5762 | D:6      | Reached XP level 9. HP: 71/79 MP: 9/9
  5817 | D:6      | Found a burning altar of Makhleb.
  5824 | D:6      | Found a white marble altar of Elyvilon.
  5825 | D:6      | Found a shadowy altar of Dithmenos.
  5826 | D:6      | Found a radiant altar of Vehumet.
  5827 | D:6      | Found an ancient bone altar of Kikubaaqudgha.
  6068 | D:6      | Found an ornate altar of the Wu Jian Council.
  6671 | D:7      | Found a staircase to the Ecumenical Temple.
  6676 | Temple   | Entered the Ecumenical Temple
  6715 | Temple   | Became a worshipper of Warmaster Okawaru
  6929 | D:7      | Reached skill level 1 in Invocations
  7093 | D:8      | Found a sparkling altar of Nemelex Xobeh.
  7142 | D:8      | Reached * piety under Okawaru
  7493 | D:8      | Found a shimmering blue altar of Sif Muna.
  7659 | D:8      | Found a sacrificial altar of Ru.
  7703 | D:8      | Found a bloodstained altar of Trog.
  7988 | D:9      | Reached XP level 10. HP: 90/90 MP: 9/12
  8762 | D:9      | Reached ** piety under Okawaru
  8833 | D:9      | Found a hide-covered altar of Uskayaw.
  8993 | D:10     | Entered Level 10 of the Dungeon
  9051 | D:10     | Found a transporter.
  9057 | D:10     | Found a transporter.
  9057 | D:10     | Noticed a deep elf archer
  9057 | D:10     | Noticed a cyclops
  9103 | D:10     | Found a staircase to the Lair.
  9105 | D:10     | Noticed Maggie
  9493 | D:10     | Reached skill level 5 in Invocations
  9499 | D:10     | Noticed a two-headed ogre
  9859 | D:10     | Found a transporter.
  9860 | D:10     | Found Qurphon's Assorted Antiques.
 10479 | D:10     | Killed Maggie
 10515 | D:10     | Reached skill level 10 in Fighting
 10515 | D:10     | Reached XP level 11. HP: 31/99 MP: 15/15
 10743 | D:10     | Reached *** piety under Okawaru
 10833 | D:10     | Found a blossoming altar of Fedhas.
 10976 | D:10     | Found a transporter.
 10985 | D:10     | Bought a scroll of identify for 52 gold pieces
 10985 | D:10     | Bought a purple potion for 23 gold pieces
 11166 | D:10     | Killed a two-headed ogre
 11263 | Lair:1   | Entered Level 1 of the Lair of Beasts
 11509 | D:10     | Reached skill level 10 in Unarmed Combat
 12045 | Lair:1   | Reached **** piety under Okawaru
 12262 | D:10     | Reached skill level 10 in Shapeshifting
 12262 | D:10     | Reached XP level 12. HP: 42/112 MP: 16/18
 12280 | D:10     | HP: 4/112 [cane toad (4)]
 12282 | D:10     | Succumbed to a cane toad's poison

Illustrated notes

Levels and vault maps discovered:
D:1:      roderic_crop_circles_arrival_small, layout_loops_ring,
          nicolae_figureground_pulse
D:2:      layout_loops_ring, st_stairs_6
D:3:      layout_basic, nicolae_tso_besieged_by_evil,
          shapermc_ecumenical_altar_starsandcircs, hex_intersection,
          roderic_nine_men_s_morris, uniq_ijyb
D:4:      layout_loops_cross, portal_sewer_entry_a, hangedman_decor_push
D:5:      layout_cave_pools, nicolae_hepliaklqana_monster_ancestors,
          guppyfry_early_lair_pool, uniq_crazy_yiuf_cottage
D:6:      layout_rooms, kennysheep_little_box, minitemple
D:7:      layout_loops_cross, temple_statues
D:8:      layout_rooms, lemuel_blue_sif_altar, marbit_many_paths,
          general_overflow_altar, mainiacjoe_overflow_tiny_flanked
D:9:      layout_roguey, nicolae_uskayaw_dance_studio, mrwooster_statue_mirror
D:10:     minmay_spotlight, layout_loops_ring, gammafunk_temple_overflow_arena,
          hellmonk_lair_entry_icy, serial_shops, nicolae_shop_drivethru,
          minivault_19, kennysheep_generic_room_7, uniq_maggie
Temple:   hellmonk_temple_beads
Lair:1:   beast_lair_carwin_large_4, layout_cave_shapes,
          infiniplex_staircase_pool_2

Skill      XL: |  1  2  3  4  5  6  7  8  9 10 11 12 |
---------------+-------------------------------------+-----
Dodging        | 2 3 |  3.8
Fighting       | 2 3 4 5 7 8 10 11 | 11.8
Unarmed Combat | 4 5 7 8 9 11 | 11.2
Shapeshifting  | 4 5 6 7 8 10 | 10.4
Invocations    | 3 6 8 9 |  9.0

Action                     |  1- 3 |  4- 6 |  7- 9 | 10-12 || total
---------------------------+-------+-------+-------+-------++-------
  Melee: Unarmed           |    88 |   150 |   444 |   386 ||  1068
         Tailslap          |    11 |    18 |    97 |    66 ||   192
         Punch             |       |     3 |     5 |       ||     8
  Throw: Dart              |       |     4 |     8 |       ||    12
         Stone             |       |       |     3 |       ||     3
 Invoke: Heroism           |       |       |     2 |    10 ||    12
         Finesse           |       |       |       |     1 ||     1
  Evoke: Wand              |       |     2 |     5 |     4 ||    11
    Use: Potion            |       |     2 |       |    10 ||    12
         Scroll            |       |       |     5 |     6 ||    11
   Stab: Sleeping          |       |     1 |     1 |       ||     2
         Distracted        |       |     1 |     1 |       ||     2
 Armour: Skin              |    38 |    95 |   270 |   320 ||   723
  Dodge: Dodged            |    46 |    85 |   242 |   222 ||   595
  Block: Other             |       |       |    30 |    69 ||    99
         Reflection        |       |       |     1 |     2 ||     3
   Form: Flux              |       |       |     1 |       ||     1

Table legend: (Time is in decaauts)
 A = Elapsed time spent in this place.
 B = Non-inter-level travel time spent in this place.
 C = Inter-level travel time spent in this place.
 D = Time resting spent in this place.
 E = Time spent auto-exploring this place.
 F = Levels seen in this place.
 G = Mean time per level.
                   A        B        C        D        E       F      G
               +--------+--------+--------+--------+--------+-----+--------+
         Total |  12155 |  11640 |    515 |   3653 |   4209 |  13 |  935.0 |
       Dungeon |  11439 |  11000 |    439 |   3495 |   4125 |  10 | 1143.9 |
        Temple |     78 |      2 |     76 |      0 |      0 |   1 |   78.0 |
          Lair |    196 |    196 |      0 |     22 |      0 |   1 |  196.0 |
         Sewer |    441 |    441 |      0 |    136 |     84 |   1 |  441.0 |
               +--------+--------+--------+--------+--------+-----+--------+

Top non-repeatable levels by time:
    D:10: 2822 daAuts
     D:4: 1288 daAuts
     D:9: 1268 daAuts
     D:7: 1104 daAuts
     D:5: 1090 daAuts
     D:3: 849 daAuts
     D:8: 829 daAuts
     D:1: 817 daAuts
     D:6: 716 daAuts
     D:2: 653 daAuts
   Sewer: 441 daAuts
  Lair:1: 196 daAuts
  Temple: 78 daAuts
